 Dungeon Sprint DCSS version 0.22.1-2-g9c5b331 (webtiles) character file.

136 diana the Spear-Bearer (level 5, -3/69 HPs)
             Began as a Merfolk Gladiator on Dec 24, 2018.
             Slain by a fire elemental (9 damage)
             ... summoned by a deep elf mage
             ... in the Dungeon (Sprint III: "The Ten Rune Challenge").
             The game lasted 00:01:10 (300 turns).

diana the Spear-Bearer (Merfolk Gladiator)           Turns: 300, Time: 00:01:11

Health: -3/69      AC:  4    Str: 20    XL:     5   Next: 19%
Magic:  5/5        EV: 17    Int:  7    God:
Gold:   24         SH:  0    Dex: 16    Spells: 4/4 levels left

rFire    . . .     SeeInvis .   a - +0 trident
rCold    . . .     Gourm    .   (no shield)
rNeg     . . .     Faith    .   b - +0 leather armour
rPois    .         Spirit   .   c - +0 helmet
rElec    .         Reflect  .   (no cloak)
rCorr    .         Harm     .   (no gloves)
MR       .....     Clarity  +   (no boots) Stlth ..........NoTele +
                                (no amulet)
HPRegen  0.21/turn              (no ring)
MPRegen  0.09/turn              (no ring)

@: berserking, very quick
A: change form in water, swift swim, stealthy swim, clarity, wild magic 1
a: no special abilities


You were in the Dungeon.
You were not hungry.

You visited 1 branch You collected 24 gold pieces.

Inventory:

Hand Weapons
 a - a +0 trident (weapon)
Missiles
 d - 3 throwing nets (quivered)
Armour
 b - a +0 leather armour (worn)
 c - a +0 helmet (worn)
Scrolls
 k - a scroll of blinking
 m - a scroll of holy word {unknown}
 n - 3 scrolls of identify
 o - a scroll of random uselessness {unknown}
 q - a scroll of torment {unknown}
 r - 2 scrolls of remove curse
Potions
 e - 2 potions of curing
 g - a potion of heal wounds
 h - a potion of haste
 i - 2 potions of magic
 l - a potion of mutation
 p - 4 potions of flight
Comestibles
 f - 3 rations


   Skills:
 + Level 5.8 Fighting
 * Level 10.8 Polearms
 - Level 2.0 Throwing
 + Level 7.6 Dodging


You had 4 spell levels left.
You didn't know any spells.
Your spell library contained the following spells:

 Spells                   Type           Power        Failure   Level  Hunger
 Confusing Touch          Hex            #.....       58%         1    ##.....
 Magic Dart               Conj           #...         58%         1    ##.....
 Blink                    Tloc           N/A          71%         2    ###....
 Call Imp                 Summ           #.......     71%         2    ###....
 Slow                     Hex            #.......     71%         2    ###....
 Confuse                  Hex            #.......     90%         3    ####...
 Conjure Flame            Conj/Fire      #.......     90%         3    ####...
 Gell's Gravitas          Tloc           #.........   90%         3    ####...
 Mephitic Cloud           Conj/Pois/Air  #.......     90%         3    ####...
 Petrify                  Tmut/Erth      #.......     100%        4    #####..
 Metabolic Englaciation   Hex/Ice        #.........   100%        5    ######.
 Yara's Violent Unravell  Hex/Tmut       #.........   100%        5    ######.


Dungeon Overview and Level Annotations

Branches:
Dungeon (1/1)

Altars:
Elyvilon
Kikubaaqudgha
Sif Muna
Vehumet
Zin
The Shining One


Innate Abilities, Weirdness & Mutations

You revert to your normal form in water.
You are very nimble and swift while swimming.
You are very stealthy in the water. (Stealth+)
You possess an exceptional clarity of mind.
Your spells are a little harder to cast, but a little more powerful.


Message History

The fire elemental hits you. The fire elemental burns you!
You closely miss the deep elf mage.
The deep elf mage is heavily wounded.
The fire elemental barely misses you. The fire elemental hits you.
The fire elemental burns you!
The deep elf mage gestures at you while chanting.
The bolt of fire hits you!
* * * LOW HITPOINT WARNING * * *
You hit the deep elf mage.
The deep elf mage is heavily wounded.
You impale the deep elf mage!!
The deep elf mage is almost dead.
The fire elemental hits you.
* * * LOW HITPOINT WARNING * * *
The fire elemental burns you!
* * * LOW HITPOINT WARNING * * *
The fire elemental hits you.
* * * LOW HITPOINT WARNING * * *
The fire elemental burns you!
You die...

▓▓▓▓▓▓▓▓ ▓▓▓ .'...♣.♣♣
♣.##### .#....♣.♣
♣♣.#___# ##......♣
..#.eE#
.#....≈.♣♣♣♣.###@#+###+#
.#...≈≈.♣..♣.#..E.......
(#..≈≈≈≈.....'.⌠........
'#..≈≈≈≈≈≈♣..#...######+
.#.≈≈≈≈≈≈....#.⌠.#
.#.≈≈≈≈≈.....#...#
.#.≈≈≈.......#'###
##...........#.).#
.............#___#


You could see a deep elf mage and 2 fire elementals.

Vanquished Creatures
  A water elemental (D)
  A wizard (D)
  A kobold demonologist (D)
  A human (D)
  An ooze (D)
  A phantom (D)
  3 rats (D)
9 creatures vanquished.

Vanquished Creatures (others)
  2 draconian scorchers (D)
  6 hellions (D)
  A yaktaur (D)
9 creatures vanquished.

Grand Total: 18 creatures vanquished

Notes
Turn   | Place    | Note
-------+----------+-------------------------------------------
     0 | D        | diana the Merfolk Gladiator began the quest for the Orb.
     0 | D        | Reached XP level 1. HP: 16/16 MP: 1/1
     9 | D        | Reached skill level 5 in Polearms
    24 | D        | Reached XP level 2. HP: 22/24 MP: 2/2
    28 | D        | Killed a yaktaur
    67 | D        | Reached skill level 7 in Polearms
    67 | D        | Reached skill level 5 in Dodging
    67 | D        | Reached XP level 3. HP: 30/30 MP: 3/3
    85 | D        | Killed a hellion
    96 | D        | Gained mutation: You possess an exceptional clarity of
                  | mind. [potion of mutation]
    96 | D        | Gained mutation: You have a pair of small horns on your
                  | head. [potion of mutation]
    97 | D        | Lost mutation: You have a pair of small horns on your head.
                  | [potion of mutation]
    97 | D        | Lost mutation: You possess an exceptional clarity of mind.
                  | [potion of mutation]
    97 | D        | Gained mutation: You possess an exceptional clarity of
                  | mind. [potion of mutation]
    97 | D        | Gained mutation: Your spells are a little harder to cast,
                  | but a little more powerful. [potion of mutation]
   115 | D        | Killed a hellion
   119 | D        | Noticed a water elemental
   126 | D        | Killed a water elemental
   126 | D        | Reached skill level 5 in Fighting
   126 | D        | Reached skill level 9 in Polearms
   126 | D        | Reached XP level 4. HP: 20/39 MP: 4/4
   157 | D        | Killed a white draconian scorcher
   197 | D        | Killed a hellion
   198 | D        | Killed a hellion
   199 | D        | Killed a hellion
   200 | D        | Killed a hellion
   238 | D        | Killed a white draconian scorcher
   271 | D        | Found a radiant altar of Vehumet.
   271 | D        | Found a deep blue altar of Sif Muna.
   271 | D        | Found an ancient bone altar of Kikubaaqudgha.
   271 | D        | Noticed a wizard
   272 | D        | Killed a wizard
   272 | D        | Reached skill level 10 in Polearms
   272 | D        | Reached XP level 5. HP: 44/44 MP: 5/5
   289 | D        | Found a glowing silver altar of Zin.
   289 | D        | Found a glowing golden altar of the Shining One.
   289 | D        | Found a white marble altar of Elyvilon.
   290 | D        | Noticed a deep elf mage
   292 | D        | Noticed a fire elemental
   294 | D        | Noticed a fire elemental
   300 | D        | Slain by a fire elemental

Skill      XL: |  1  2  3  4 |
---------------+-------------+-----
Polearms       | 5 7 9 10 | 10.8
Fighting       | 3 5 |  5.8
Dodging        | 5 6 7 |  7.6
Throwing       | |  2.0

Action                   |  1- 3 |  4- 6 || total
-------------------------+-------+-------++-------
Melee: Trident           |    48 |    14 ||    62
       Tailslap          |     5 |       ||     5
  Use: Potion            |     2 |     1 ||     3
 Stab: Sleeping          |     2 |     1 ||     3
Armor: Leather armour    |     3 |     3 ||     6
Dodge: Dodged            |    23 |    11 ||    34
